Map: Ruins of Seras

Players

Grumm

  • Race: Protoss Protoss
  • League: Gold

jaehyeokchoi - Winner!

  • Race: Terran Terran
  • League: Gold

VOD

Have the link to the VOD?

Description

Time

  • Played on: Jan. 31, 2016, 7:09 p.m.
  • Length: 13:30
Show
View Real Time Build Order
Export as new Build Order

Grumm Protoss 

Build Orders:  

Get SALT Encoding   

  12  0:01  Probe (Chrono Boost)  
  13  0:12  Probe (Chrono Boost)  
  14  0:19  Pylon  
  14  0:22  Probe (Chrono Boost)  
  15  0:30  Assimilator  
  15  0:37  Probe (Chrono Boost)  
  16  0:45  Gateway  
  16  0:49  Probe (Chrono Boost)  
  17  0:59  Probe (Chrono Boost)  
  18  1:10  Probe (Chrono Boost)  
  19  1:20  Assimilator, Probe (Chrono Boost)  
  20  1:27  Pylon  
  20  1:31  Probe (Chrono Boost)  
  21  1:33  Cybernetics Core  
  21  1:41  Probe (Chrono Boost)  
  22  1:52  Probe (Chrono Boost)  
  23  2:01  Gateway  
  23  2:03  Pylon  
  24  2:09  Mothership Core (Chrono Boost)  
  24  2:10  Warp Gate (Chrono Boost)  
  25  2:30  Probe  
  25  2:34  Stalker  
  28  2:54  Robotics Facility  
  28  2:57  Gateway  
  28  3:18  Nexus  
  27  3:22  Adept  
  27  3:25  Adept  
  31  3:37  Probe  
  32  3:44  Pylon  
  32  4:02  Warp Prism  
  34  4:04  Stalker  
  34  4:05  Stalker  
  38  4:13  Zealot  
  38  4:16  Probe  
  41  4:25  Forge  
  41  4:30  Probe  
  41  4:31  Probe  
  43  4:45  Observer  
  44  5:24  Zealot x3  
  46  5:30  Probe  
  46  5:32  Probe  
  40  5:41  Probe  
  34  5:45  Adept x2, Stalker  
  34  5:49  Probe  
  42  5:51  Photon Cannon  
  42  5:55  Pylon  
  42  6:08  Zealot x2  
  42  6:09  Zealot  
  38  6:48  Zealot  
  38  6:49  Stalker  
  38  6:50  Stalker  
  38  6:51  Probe  
  45  6:57  Gateway  
  45  6:58  Gateway  
  45  7:01  Gateway  
  45  7:03  Pylon  
  45  7:04  Immortal  
  45  7:06  Pylon  
  49  7:11  Stalker  
  49  7:13  Zealot  
  49  7:14  Zealot  
  41  7:40  Adept x3  
  47  8:03  Stalker  
  47  8:05  Zealot x2  
  51  8:10  Robotics Bay  
  47  8:14  Pylon, Probe  
  47  8:15  Photon Cannon  
  47  8:16  Pylon, Probe  
  47  8:19  Photon Cannon  
  48  8:21  Adept x3  
  46  8:28  Probe  
  46  8:32  Stalker x3  
  36  8:58  Immortal  
  36  8:59  Probe  
  39  9:16  Probe, Photon Cannon  
  40  9:39  Adept x3  
  40  9:41  Sentry  
  40  9:45  Sentry  
  50  9:48  Probe  
  50  9:49  Probe  
  52  10:00  Probe  
  51  10:16  Zealot x4  
  48  10:27  Probe  
  47  10:29  Probe  
  47  10:38  Probe  
  47  10:39  Pylon  
  47  10:41  Probe  
  49  10:49  Colossus  
  55  10:53  Probe  
  56  10:59  Stalker  
  56  11:04  Stalker  
  60  11:06  Probe  
  60  11:08  Probe  
  60  11:09  Sentry  
  62  11:51  Probe  
  62  11:52  Probe  
  46  11:56  Stalker  
  46  11:57  Stalker x5  
  52  12:02  Probe  
  52  12:05  Probe  
  54  12:13  Mothership Core  
  54  12:20  Warp Prism  
  58  12:24  Zealot  
  58  12:25  Zealot x5  
  70  12:32  Probe x2  
  70  12:36  Assimilator  
  72  12:47  Stalker x2  
  72  12:50  Zealot x2  
Show
View Real Time Build Order
Export as new Build Order

jaehyeokchoi Terran - Winner!

Build Orders: Command Center First (CC), MMM Bio 

Get SALT Encoding   

  12  0:00  SCV  
  13  0:13  SCV  
  14  0:18  Supply Depot  
  14  0:25  SCV  
  15  0:39  SCV  
  16  0:52  SCV  
  17  1:03  Command Center  
  17  1:05  SCV  
  18  1:17  SCV  
  19  1:20  Barracks  
  19  1:25  Refinery  
  19  1:29  SCV  
  20  1:35  Refinery  
  20  1:42  SCV  
  21  1:54  SCV  
  22  2:08  Supply Depot  
  22  2:10  Orbital Command  
  22  2:18  Orbital Command  
  22  2:24  Bunker  
  22  2:27  Marine  
  23  2:36  SCV  
  24  2:48  Marine, SCV  
  24  2:50  Factory  
  26  2:56  Supply Depot  
  25  3:10  Barracks  
  25  3:12  SCV x2  
  27  3:13  Barracks Reactor  
  27  3:24  SCV x2  
  27  3:26  Supply Depot x2  
  29  3:33  Engineering Bay  
  29  3:36  SCV  
  30  3:44  Factory Tech Lab  
  30  3:50  Supply Depot, SCV x2  
  32  3:55  Marine  
  32  3:56  Marine  
  32  4:00  Barracks Tech Lab  
  35  4:02  SCV  
  35  4:05  Cyclone  
  38  4:13  Supply Depot  
  38  4:16  SCV  
  39  4:17  Marine  
  39  4:20  Marine  
  39  4:21  Supply Depot  
  41  4:25  Marine  
  42  4:39  Starport  
  42  4:40  Cyclone  
  45  4:46  Stimpack, Marine x2  
  45  4:47  Marine  
  45  4:50  SCV x2  
  50  5:02  SCV  
  50  5:04  Missile Turret x2  
  50  5:05  Missile Turret  
  50  5:07  SCV  
  52  5:25  Marine x3  
  45  5:41  SCV x2  
  44  5:43  Starport Reactor  
  44  5:44  Marine x3  
  47  5:53  SCV x2  
  47  5:54  Refinery  
  47  5:55  Refinery  
  49  6:01  Marine x2  
  51  6:05  Cyclone, SCV x2  
  56  6:12  Supply Depot  
  56  6:17  SCV x2  
  58  6:18  Terran Infantry Armor Level 1  
  58  6:20  Marauder  
  58  6:25  Medivac  
  62  6:28  Medivac  
  62  6:30  Marine  
  62  6:31  Marine  
  63  6:57  Missile Turret, SCV x2  
  63  6:59  Marine x2  
  67  7:04  Barracks x2  
  67  7:08  Cyclone  
  70  7:09  Medivac x2  
  70  7:10  Marine  
  75  7:17  Marine  
  75  7:19  Marine  
  74  7:27  Marine  
  66  7:35  Marine  
  66  7:37  Marine  
  66  7:40  SCV x2  
  66  7:43  Medivac  
  71  7:46  Marauder  
  73  7:52  SCV  
  73  7:53  Marine  
  73  7:54  Marine  
  73  7:58  Marine x2  
  72  8:07  Marauder  
  72  8:10  Marine  
  72  8:12  Marine  
  75  8:15  Marine  
  75  8:16  Marine  
  75  8:25  SCV x2  
  77  8:28  Marine x2  
  77  8:30  Marine  
  77  8:33  Marine x2  
  79  8:37  SCV  
  79  8:38  SCV  
  80  8:46  Marine x2  
  80  8:48  Marine  
  79  8:50  SCV x2  
  79  8:51  Marine x2  
  82  9:02  SCV x2  
  84  9:04  Marauder, Marine  
  84  9:06  Marine  
  84  9:08  Supply Depot  
  90  9:14  SCV x2  
  92  9:22  Marine  
  92  9:24  Marine  
  93  9:25  Barracks Tech Lab  
  93  9:26  Marauder, Barracks Reactor  
  93  9:28  Command Center  
  93  9:29  Supply Depot, Terran Infantry Weapons Level 1  
  93  9:30  Supply Depot  
  94  9:40  Marine  
  94  9:41  Medivac, Cyclone, Marine  
  101  9:46  SCV  
  101  9:51  Medivac, Marauder, SCV, Combat Shields  
  107  9:53  Supply Depot  
  107  9:58  Marine  
  108  10:04  Marine x2  
  108  10:05  Marauder, Marine  
  112  10:13  Marauder  
  105  10:16  Marine  
  96  10:22  Marine x3  
  96  10:27  Marauder  
  86  10:34  Marauder, Marine  
  83  10:36  SCV x2  
  83  10:40  Marine x3  
  88  10:48  Marauder  
  90  10:52  Marine  
  90  10:53  Supply Depot  
  90  10:55  Marauder  
  93  10:57  Armory  
  93  10:58  Marine x3  
  93  10:59  Orbital Command  
  96  11:09  Marauder, Concussive Shells, Marine  
  96  11:11  Barracks  
  99  11:16  Marine  
  99  11:17  Marauder  
  102  11:18  Marine  
  102  11:19  Marine  
  104  11:27  Marine  
  104  11:31  Marauder  
  97  11:33  Marine  
  97  11:36  Marine x2  
  97  11:38  Marauder  
  102  11:45  Marine  
  102  11:51  Marine  
  102  11:52  Marauder  
  97  11:54  Marine x2  
  97  11:58  SCV  
  97  11:59  SCV  
  97  12:00  Marauder  
  102  12:02  Barracks Tech Lab  
  102  12:03  Marine  
  103  12:09  Marine  
  103  12:12  Marine x2  
  103  12:14  Marauder  
  108  12:17  SCV x3  
  108  12:21  Marauder, Marine  
  114  12:27  Supply Depot  
  114  12:29  Supply Depot, SCV x2  
  117  12:30  SCV  
  117  12:35  Marauder  
  119  12:41  SCV  
  119  12:42  Marauder  
  122  12:44  SCV x2  
  122  12:46  Medivac x2  
  128  12:53  SCV  
  128  12:56  Marauder  
  131  13:04  Marauder  
Tags
 
Add a new tag
Caveats
  • Supply blocks, unpowered buildings, or Contaminate may cause inaccurate times.
  • Supply counts are checked every 10 seconds.